 Dungeon Crawl Stone Soup version 0.23-a0-677-g07611c5723 (webtiles) character file.

271348 Morbidden the Warrior (level 19, -6/238 HPs)
             Began as a Demonspawn Gladiator on Jan 10, 2019.
             Was a High Priest of Wu Jian.
             Mangled by Mennas
             ... wielding a +3 eudemon blade of holy wrath
              (10 damage)
             ... on level 2 of the Vaults.
             The game lasted 02:29:51 (44204 turns).

Morbidden the Warrior (Demonspawn Gladiator)       Turns: 44204, Time: 02:29:51

Health: -6/238     AC: 28    Str: 30    XL:     19   Next: 83%
Magic:  20/20      EV: 23    Int:  6    God:    Wu Jian [*****.]
Gold:   772        SH: 28    Dex: 20    Spells: 18/18 levels left

rFire    + . .     SeeInvis .   W - +10 falchion "Banisher" {flame, +Inv rN++ Int-3}
rCold    + . .     Gourm    .   L - +0 large shield
rNeg     + + .     Faith    .   l - +8 chain mail of Conscience {Str+7}
rPois    +         Spirit   .   k - +1 hat {MR+}
rElec    .         Reflect  +   R - scarf {repulsion}
rCorr    .         Harm     .   j - +1 pair of gloves
MR       +++..                  (no boots)
Stlth    ..........             S - +5 amulet of reflection
HPRegen  0.49/turn              O - ring of protection from magic
MPRegen  0.17/turn              N - ring of Phasing {EV+8}

@: berserking, glowing, silenced, repel missiles, heavenly storm, very quick
A: hooves 2, slimy green scales 3, cold resistance 1, demonic guardian 3, dopey
1, fire resistance 1, strong 1, flame cloud immunity
}: 1/15 runes: decaying
a: Wall Jump, Renounce Religion, Evoke Invisibility


You were on level 2 of the Vaults.
You worshipped Wu Jian.
Wu Jian was extremely pleased with you.
You were not hungry.

You visited 8 branches of the dungeon, and saw 35 of its levels.
You visited the Abyss 2 times.
You also visited: Ice Cave.

You collected 3394 gold pieces.
You spent 2622 gold pieces at shops.

Inventory:

Hand Weapons
 o - a +0 rapier of electrocution
 E - a +1 short sword of venom
 H - a +5 dagger
 W - the +10 falchion "Banisher" (weapon) {flame, +Inv rN++ Int-3}
   (You found it on level 5 of the Lair of Beasts)

   It has been specially enchanted to burn those struck by it, causing extra
   injury to most foes and up to half again as much damage against particularly
   susceptible opponents.
   Big, fiery blades are also staple armaments of hydra-hunters.
   It affects your intelligence (-3).
   It greatly protects you from negative energy.
   It lets you turn invisible.
Missiles
 d - 6 throwing nets (quivered)
Armour
 j - a +1 pair of gloves (worn)
 k - a +1 hat of magic resistance (worn)
 l - the +8 chain mail of Conscience (worn) {Str+7}
   (You found it on level 1 of the Vaults)

   It affects your strength (+7).
 L - a +0 large shield (worn)
 R - a scarf of repulsion (worn)
 Y - the +4 robe "Seutt" {rElec rN+}
   (You found it in an ice cave)

   It insulates you from electricity.
   It protects you from negative energy.
Jewellery
 n - an uncursed ring of resist corrosion
 y - an uncursed ring of protection from cold
 N - the ring of Phasing (right hand) {EV+8}
   (You bought it in a shop on level 2 of the Orcish Mines)

   [ring of evasion]

   It affects your evasion (+8).
 O - a ring of protection from magic (left hand)
 S - a +5 amulet of reflection (around neck)
Wands
 a - a wand of flame (7)
 b - a wand of polymorph (21)
 r - a wand of clouds (8)
 B - a wand of disintegration (41)
 I - a wand of digging (12)
 J - a wand of iceblast (29)
 P - a wand of random effects (10)
 V - a wand of acid (21)
Scrolls
 e - 3 scrolls of teleportation
 g - 16 scrolls of remove curse
 i - 4 scrolls of fog
 q - a scroll of enchant armour
 s - 10 scrolls of identify
 t - a scroll of summoning
 u - 4 scrolls of magic mapping
 v - a scroll of blinking
 w - 3 scrolls of fear
 D - 3 scrolls of amnesia
 G - a scroll of silence
 K - 2 scrolls of torment
 Q - a scroll of brand weapon
 T - 4 scrolls of enchant weapon
Potions
 c - 6 potions of curing
 h - 6 potions of brilliance
 m - 5 potions of mutation
 x - a potion of might
 z - 10 potions of flight
 A - 3 potions of haste
 C - a potion of berserk rage
 F - 3 potions of agility
 M - a potion of magic
 U - 3 potions of ambrosia
 Z - a potion of cancellation
Miscellaneous
 p - a phial of floods
Comestibles
 f - 34 rations
 X - 2 chunks of flesh


   Skills:
 * Level 16.4 Fighting
 - Level 13.9(15.3) Short Blades
 - Level 11.2(14.0) Long Blades
 - Level 1.9 Throwing
 + Level 14.1 Armour
 + Level 10.6 Dodging
 + Level 5.0 Stealth
 + Level 16.2 Shields
 + Level 1.9 Evocations


You had 18 spell levels left.
You didn't know any spells.
Your spell library contained the following spells:

 Spells                   Type           Power        Failure   Level  Hunger
 Apportation              Tloc           #.....       99%         1    ##.....
 Beastly Appendage        Tmut           #.....       99%         1    ##.....
 Corona                   Hex            #......      99%         1    ##.....
 Freeze                   Ice            #...         99%         1    ##.....
 Sandblast                Erth           #.....       99%         1    ##.....
 Sting                    Conj/Pois      #...         99%         1    ##.....
 Summon Butterflies       Summ           #.......     99%         1    ##.....
 Summon Small Mammal      Summ           #...         99%         1    ##.....
 Call Imp                 Summ           #.......     100%        2    ###....
 Ensorcelled Hibernation  Hex/Ice        #.....       100%        2    ###....
 Passwall                 Tmut/Erth      #.......     100%        2    ###....
 Poisonous Vapours        Pois/Air       #.....       100%        2    ###....
 Sticks to Snakes         Tmut           #.......     100%        2    ###....
 Throw Frost              Conj/Ice       #.....       100%        2    ###....
 Call Canine Familiar     Summ           #.......     100%        3    ####...
 Confuse                  Hex            #.......     100%        3    ####...
 Dazzling Spray           Conj/Hex       #.....       100%        3    ####...
 Ignite Poison            Fire/Tmut/Pois #.......     100%        3    ####...
 Lesser Beckoning         Tloc           #.........   100%        3    ####...
 Mephitic Cloud           Conj/Pois/Air  #.......     100%        3    ####...
 Ozocubu's Armour         Chrm/Ice       #.......     100%        3    ####...
 Spider Form              Tmut/Pois      #.........   100%        3    ####...
 Stone Arrow              Conj/Erth      #.....       100%        3    ####...
 Summon Guardian Golem    Hex/Summ       #.......     100%        3    ####...
 Tukima's Dance           Hex            #.......     100%        3    ####...
 Ice Form                 Ice/Tmut       #.......     100%        4    #####..
 Olgreb's Toxic Radiance  Pois           #.......     100%        4    #####..
 Petrify                  Tmut/Erth      #.......     100%        4    #####..
 Summon Ice Beast         Ice/Summ       #.......     100%        4    #####..
 Summon Lightning Spire   Summ/Air       #.......     100%        4    #####..
 Throw Icicle             Conj/Ice       #.......     100%        4    #####..
 Alistair's Intoxication  Tmut/Pois      #.......     100%        5    ######.
 Blade Hands              Tmut           #.........   100%        5    ######.
 Fireball                 Conj/Fire      #.........   100%        5    ######.
 Lee's Rapid Deconstruct  Erth           #.........   100%        5    ######.
 Venom Bolt               Conj/Pois      #.........   100%        5    ######.
 Bolt of Fire             Conj/Fire      #.........   100%        6    #######
 Invisibility             Hex            #.......     100%        6    #######
 Malign Gateway           Summ/Tloc      #.........   100%        7    #######
 Monstrous Menagerie      Summ           #.........   100%        7    #######
 Ring of Flames           Chrm/Fire      #.........   100%        7    #######
 Summon Greater Demon     Summ           #.........   100%        7    #######
 Ignition                 Fire           #.........   100%        8    #######
 Summon Horrible Things   Summ           #.........   100%        8    #######


Dungeon Overview and Level Annotations

Branches:
Dungeon (15/15)            Temple (1/1) D:4            Lair (6/6) D:11
  Swamp (4/4) Lair:3        Snake (1/4) Lair:3        Slime (0/5) Lair:5
    Orc (2/2) D:11            Elf (2/3) Orc:2        Vaults (4/5) D:14
  Crypt (0/3) Vaults:2     Depths (0/5) D:15

Altars:
Ashenzari
Cheibriados
Dithmenos
Elyvilon
Fedhas
Gozag
Hepliaklqana
Kikubaaqudgha
Makhleb
Nemelex Xobeh
Okawaru
Qazlal
Ru
Sif Muna
Trog
Uskayaw
Vehumet
Wu Jian
Xom
Yredelemnul
Zin
The Shining One
Jiyva

Shops:
Orc:2 ([=[   Elf:1 (   Vaults:2 [   Vaults:3 =   Vaults:4 !

Portals:
Hell: Lair:6

Annotations:
D:13 1 runed door, Tinylith's ghost, journeyman FoFi
Orc:2 1 runed door, Skallagrim's ghost, adept DEEE
Vaults:2 Frederick; Mennas


Innate Abilities, Weirdness & Mutations

You have hoof-like feet.
You are completely covered in slimy green scales. (AC +4, rPois)
A powerful demonic guardian rushes to your aid.
Your flesh is heat resistant. (rF+)
You are immune to clouds of flame.
Your flesh is cold resistant. (rC+)
You are dopey. (Int -2)
Your muscles are strong. (Str +2)


Message History

* * * LOW HITPOINT WARNING * * *
Frederick burns you!
* * * LOW HITPOINT WARNING * * *
Mennas barely misses you.
Mennas hits you with a +3 eudemon blade of holy wrath.
* * * LOW HITPOINT WARNING * * *
You convulse.
* * * LOW HITPOINT WARNING * * *
Unknown command.
Unknown command.
Unknown command.
Unknown command.
Unknown command.
Unknown command.
Okay, then.
Okay, then.
A red film seems to cover your vision as you go berserk!
You feel yourself moving faster!
You feel mighty! Mennas closely misses you.
Mennas hits you with a +3 eudemon blade of holy wrath!
You die...

.# .+ @# .# .# .# #
###################'########## ##
#.........☼☼☼A§§§(............ .#
#.........☼2§@@☼§(...)..)..... ##
#.........☼☼§§☼§☼)(...())..... #
#....(..(.☼§☼§☼☼..(.).........
#......)...........()...)(....
####..)..###################'####
...#.....# #.......# ...#(....#
#.......# ...#.....# ####'####
...#.....#### #### #####[.....(#.


You could see Frederick, Mennas (pinned) and a friendly cacodemon.

Vanquished Creatures
  Sojobo (Vaults:1)
  Saint Roka (Vaults:1)
  Asterion (Elf:2)
  Agnes (Vaults:1)
  2 tengu reavers
  A tentacled starspawn (Abyss:3)
  A shadow dragon (Vaults:4)
  Kirke (Swamp:1)
  2 fire giants
  8 vault wardens
  4 ironheart preservers
  A ghoul (Swamp:2)
  A spriggan defender (Vaults:1)
  An entropy weaver (Abyss:3)
  3 very ugly things
  2 stone giants (Vaults:4)
  A crystal guardian (Vaults:3)
  A jiangshi (Vaults:2)
  6 ogre magi
  6 yaktaur captains
  2 fire dragons (Vaults:3)
  A great orb of eyes (Vaults:3)
  2 rakshasas
  An ice dragon (Vaults:3)
  6 vault guards
  A catoblepas (shapeshifter) (Vaults:3)
  2 naga warriors (Snake:1)
  10 hydras
  2 centaur warriors
  An anaconda (Snake:1)
  A catoblepas (Lair:6)
  A death knight (Vaults:4)
  A shambling mangrove (Swamp:3)
  4 ghost crabs
  11 two-headed ogres
  4 alligators
  An orc high priest (Orc:2)
  15 dancing weapons
  A death yak (Lair:5)
  2 shock serpents (Snake:1)
  A shock serpent (shapeshifter) (Abyss:3)
  6 thrashing horrors
  9 deep elf knights
  A sun demon (Lair:6)
  A spatial maelstrom (Abyss:3)
  A sixfirhy (Abyss:3)
  2 naga ritualists (Snake:1)
  7 deep elf archers
  4 deep trolls
  7 starcursed masses
  6 unseen horrors
  4 wizards
  A glowing orange brain (Vaults:2)
  A spriggan druid (Swamp:4)
  A swamp dragon (Swamp:1)
  A spectral hydra (Swamp:4)
  Pikel (D:4)
  9 ironbrand convokers
  3 phantasmal warriors
  13 orc knights
  33 deep elf magi
  A necromancer (Vaults:1)
  6 harpies
  A shadow dragon skeleton (Vaults:4)
  3 mana vipers (Snake:1)
  5 wolf spiders
  6 orc sorcerers
  7 cyclopes
  A salamander (shapeshifter) (Vaults:1)
  A salamander (Snake:1)
  2 human zombies
  A worldbinder (Abyss:3)
  31 ugly things
  An ice statue (IceCv)
  2 elephants
  9 vault sentinels
  Maurice (D:13)
  An eye of devastation (shapeshifter) (Vaults:3)
  2 naga magi (Snake:1)
  4 smoke demons
  A titan simulacrum (Abyss:4)
  A gargoyle (D:11)
  A rust devil (Abyss:4)
  4 black mambas
  2 orange demons (Lair:6)
  A centaur skeleton (D:14)
  18 spiny frogs
  17 yaktaurs
  4 komodo dragons
  2 ancient zymes (Abyss:3)
  5 hellwings
  A kobold demonologist (D:14)
  4 freezing wraiths
  3 swamp worm zombies (Swamp:4)
  2 rime drakes (Lair:6)
  A human skeleton (Vaults:4)
  2 ice devils (Lair:6)
  A tengu conjurer (D:14)
  2 hydra zombies (Swamp:4)
  6 trolls
  13 hornets
  A blink frog (shapeshifter) (Vaults:3)
  8 tyrant leeches
  15 slime creatures
  4 dream sheep (Lair:6)
  2 raiju (Abyss:3)
  3 alligator zombies (Swamp:4)
  A meliai zombie (D:14)
  3 hippogriffs
  13 bog bodies
  A vampire (D:14)
  A human simulacrum (Vaults:4)
  A shadow (D:14)
  3 wyverns
  A ynoxinul (Abyss:4)
  A tarantella (shapeshifter) (D:15)
  10 spriggans
  2 air elementals (Elf:1)
  A wraith (Vaults:1)
  3 hogs (Swamp:1)
  28 yaks
  A redback (shapeshifter) (D:15)
  5 large abominations
  4 golden eyes (Abyss:2)
  A chaos spawn (Abyss:4)
  A steam dragon (D:15)
  A hungry ghost (D:14)
  A neqoxec (Abyss:2)
  2 fire elementals (Elf:1)
  17 swamp worms
  Menkaure (D:5)
  10 insubstantial wisps
  5 wargs
  6 nagas (Snake:1)
  A soldier ant (D:15)
  9 vampire mosquitoes
  An acid dragon (Vaults:1)
  A soldier ant (shapeshifter) (Vaults:2)
  2 hell hounds (Lair:6)
  12 porcupines
  9 water moccasins
  7 swamp drakes
  5 ice beasts
  8 phantoms
  An eye of draining (D:13)
  39 orc warriors
  3 sky beasts
  2 black bears
  A hornet zombie (D:11)
  4 swamp dragon zombies (Swamp:4)
  An eye of draining (shapeshifter) (D:10)
  3 necrophages (Swamp:2)
  4 boggarts (Vaults:3)
  19 ogres
  An ice dragon simulacrum (Vaults:1)
  An orc skeleton (Vaults:1)
  17 wolves
  8 centaurs
  17 crocodiles
  3 big kobolds
  9 bullfrogs
  An earth elemental (Elf:1)
  5 scorpions
  5 small abominations
  13 killer bees
  16 wights
  3 howler monkeys
  4 crimson imps
  2 centaur zombies
  2 quasits
  A jelly (D:7)
  9 hounds
  2 yaktaur simulacra (Vaults:1)
  20 orc priests
  Crazy Yiuf (D:2)
  An iron imp (Abyss:3)
  18 orc wizards
  Natasha (D:2)
  5 iguanas
  6 worker ants
  A killer bee zombie (D:8)
  2 howler monkey zombies
  6 gnolls
  A swamp drake zombie (Swamp:4)
  10 adders
  A shadow imp (D:8)
  A white imp (Abyss:3)
  3 oozes
  An adder zombie (D:9)
  An adder skeleton (D:4)
  A worm (D:3)
  2 dart slugs (D:1)
  3 leopard geckos
  96 orcs
  4 giant cockroaches
  7 hobgoblins
  4 jackals (D:8)
  3 quokkas
  A ball python (D:3)
  11 bats
  12 frilled lizards
  7 goblins
  15 kobolds
  A quokka zombie (D:7)
  12 rats
  A spectral orc (D:3)
1069 creatures vanquished.

Vanquished Creatures (collateral kills)
  2 bone dragons
  Nikola (Vaults:1)
  A tentacled monstrosity (Swamp:4)
  Jorgrun (Swamp:1)
  A lich (Abyss:3)
  A thorn hunter (Swamp:2)
  A sphinx (Vaults:2)
  Gastronok (D:8)
  A deep elf sorcerer (Vaults:1)
  6 vault wardens
  6 ironheart preservers
  2 very ugly things (Vaults:1)
  2 stone giants
  A dire elephant (Lair:6)
  A deep elf annihilator (Elf:1)
  A deep elf death mage (Vaults:2)
  An ettin (D:15)
  A deep elf high priest (Elf:1)
  2 yaktaur captains (Vaults:2)
  A great orb of eyes (Vaults:2)
  8 vault guards
  A naga warrior (Snake:1)
  4 hydras
  3 rakshasas
  2 ghost crabs
  3 centaur warriors
  An anaconda (Snake:1)
  3 dancing weapons (Elf:2)
  6 two-headed ogres
  2 alligators (Swamp:3)
  A tengu warrior (D:15)
  13 death yaks
  A thrashing horror (Abyss:3)
  2 ogre magi
  3 orc high priests
  Nergalle (D:12)
  A shock serpent (Snake:1)
  A deep elf knight (Elf:2)
  A hell knight (D:15)
  2 wretched stars (Abyss:3)
  An unseen horror (Vaults:1)
  A shadow wraith (Abyss:4)
  3 deep elf archers
  4 ironbrand convokers
  A wizard (Vaults:2)
  A phantasmal warrior (Vaults:2)
  4 spectral hydras (Swamp:4)
  A naga ritualist (Snake:1)
  7 orc knights
  2 mana vipers (Snake:1)
  A necromancer (Vaults:4)
  15 deep elf magi
  3 orc sorcerers (Orc:2)
  7 ugly things
  6 slime creatures
  5 vault sentinels
  4 black mambas
  A salamander (Snake:1)
  A manticore (D:13)
  A black mamba (shapeshifter) (Vaults:1)
  A cyclops (D:11)
  2 elephants (Lair:2)
  An ice statue (IceCv)
  8 spiny frogs
  A gargoyle (D:14)
  2 guardian serpents (Snake:1)
  A naga mage (Snake:1)
  2 orange demons (Lair:6)
  A smoke demon (Abyss:2)
  A komodo dragon (Lair:1)
  3 yaktaurs
  A hydra zombie (Swamp:4)
  3 hornets
  3 bog bodies (Swamp:2)
  2 dream sheep (Lair:6)
  An alligator zombie (Swamp:4)
  A hippogriff (D:8)
  2 spriggans (Swamp:2)
  12 yaks
  A golden eye (Abyss:3)
  A human (D:14)
  A hungry ghost (D:13)
  A yaktaur simulacrum (Vaults:2)
  4 vampire mosquitoes (Swamp:4)
  A naga (Snake:1)
  An insubstantial wisp (Swamp:2)
  A swamp worm (Swamp:3)
  2 hell hounds (Lair:6)
  4 porcupines
  10 orc warriors
  6 ice beasts
  4 ogres
  A centaur (D:14)
  A wolf (Lair:1)
  3 crocodiles
  Blork the orc (D:6)
  2 bullfrogs
  A scorpion (D:6)
  3 killer bees (D:7)
  A starcursed mass (Abyss:4)
  2 orc wizards
  2 orc priests (Orc:2)
  A centaur skeleton (D:7)
  Natasha (D:2)
  An iguana (D:5)
  2 spectral swamp drakes (Swamp:4)
  3 small abominations
  An adder (D:8)
  13 orcs
  4 jackals (D:4)
  A kobold (D:8)
  A quokka (D:9)
292 creatures vanquished.

Vanquished Creatures (others)
  A tengu reaver (Vaults:1)
  A centaur warrior (Vaults:2)
  A dancing weapon (Elf:2)
  A shadow wraith (Vaults:2)
  A deep elf archer (Elf:1)
  6 yaktaurs
  A bog body (Swamp:2)
  A warg (Vaults:1)
  A necrophage (Swamp:2)
  A boggart (Vaults:3)
  A centaur (Vaults:3)
  A howler monkey (D:4)
  An orc priest (Vaults:1)
  An orc wizard (D:4)
  4 orcs
  4 fungi
  A lurking horror (Abyss:4)
  2 starspawn tentacles (Abyss:3)
30 creatures vanquished.

Grand Total: 1391 creatures vanquished

Notes
Turn   | Place    | Note
-------+----------+-------------------------------------------
     0 | D:1      | Morbidden the Demonspawn Gladiator began the quest for the
                  | Orb.
     0 | D:1      | Reached XP level 1. HP: 16/16 MP: 1/1
    67 | D:1      | Gained mutation: A weak demonic guardian rushes to your
                  | aid. [demonic ancestry]
    67 | D:1      | Reached XP level 2. HP: 20/22 MP: 2/2
   317 | D:1      | Gained mutation: You are partially covered in slimy green
                  | scales. (AC +2) [demonic ancestry]
   317 | D:1      | Reached XP level 3. HP: 23/27 MP: 3/3
   690 | D:2      | Noticed Natasha
   700 | D:2      | Killed Natasha
   890 | D:2      | Gained mutation: You have large cloven feet. [demonic
                  | ancestry]
   890 | D:2      | Reached XP level 4. HP: 29/33 MP: 4/4
   943 | D:2      | Found a runed door.
  1156 | D:2      | Found a faded altar of an unknown god.
  1304 | D:2      | Noticed Natasha
  1308 | D:2      | Killed Natasha
  1335 | D:2      | Noticed Crazy Yiuf
  1342 | D:2      | Killed Crazy Yiuf
  1444 | D:3      | Reached XP level 5. HP: 37/38 MP: 5/5
  1515 | D:3      | Reached skill level 1 in Armour
  2028 | D:3      | Found a basalt altar of Yredelemnul.
  2222 | D:3      | Found a glowing golden altar of the Shining One.
  2283 | D:4      | Reached skill level 5 in Short Blades
  2351 | D:4      | Found a snail-covered altar of Cheibriados.
  2400 | D:4      | Noticed Pikel
  2401 | D:4      | Noticed a slave
  2401 | D:4      | Noticed a slave
  2402 | D:4      | Noticed a slave
  2402 | D:4      | Noticed a slave
  2422 | D:4      | Gained mutation: Your flesh is cold resistant. (rC+)
                  | [potion of mutation]
  2422 | D:4      | Gained mutation: Your muscles are strong. (Str +2) [potion
                  | of mutation]
  2442 | D:4      | Killed Pikel
  2442 | D:4      | Gained mutation: A demonic guardian rushes to your aid.
                  | [demonic ancestry]
  2442 | D:4      | Reached XP level 6. HP: 20/47 MP: 6/6
  2442 | D:4      | Gained mutation: You are mostly covered in slimy green
                  | scales. (AC +3) [demonic ancestry]
  2442 | D:4      | Reached XP level 7. HP: 22/52 MP: 7/7
  2500 | D:4      | Found a shadowy altar of Dithmenos.
  2564 | D:4      | Found a staircase to the Ecumenical Temple.
  2659 | Temple   | Entered the Ecumenical Temple
  2714 | Temple   | Became a worshipper of the Wu Jian Council
  2838 | D:4      | Found an ancient bone altar of Kikubaaqudgha.
  2998 | D:5      | Entered Level 5 of the Dungeon
  3015 | D:5      | Noticed Menkaure
  3024 | D:5      | Killed Menkaure
  3816 | D:6      | Reached XP level 8. HP: 60/60 MP: 8/8
  4095 | D:6      | Noticed Blork the orc
  4107 | D:6      | Killed Blork the orc
  4279 | D:6      | Reached * piety under Wu Jian
  4906 | D:7      | Reached XP level 9. HP: 48/66 MP: 9/9
  5018 | D:7      | Reached ** piety under Wu Jian
  5436 | D:8      | Noticed Gastronok
  5445 | D:8      | Killed Gastronok
  5445 | D:8      | Reached skill level 10 in Short Blades
  5445 | D:8      | Reached skill level 5 in Armour
  5445 | D:8      | Reached skill level 1 in Stealth
  5621 | D:8      | Reached skill level 5 in Fighting
  5713 | D:8      | Gained mutation: You are completely covered in slimy green
                  | scales. (AC +4, rPois) [demonic ancestry]
  5713 | D:8      | Reached XP level 10. HP: 66/74 MP: 10/10
  5874 | D:8      | Found a shattered altar of Ashenzari.
  5874 | D:8      | Found a hazy altar of Hepliaklqana.
  5875 | D:8      | Found a deep blue altar of Sif Muna.
  5937 | D:8      | Found a burning altar of Makhleb.
  6407 | D:9      | Reached *** piety under Wu Jian
  6418 | D:9      | Reached skill level 5 in Dodging
  6503 | D:9      | Noticed a two-headed ogre
  6505 | D:9      | Killed a two-headed ogre
  6901 | D:9      | Found an opulent altar of Gozag.
  6953 | D:10     | Entered Level 10 of the Dungeon
  7465 | D:10     | Noticed a two-headed ogre
  7472 | D:10     | Killed a two-headed ogre
  7609 | D:11     | Found a staircase to the Lair.
  7632 | D:11     | Noticed a cyclops
  7638 | D:11     | Killed a cyclops
  7722 | D:11     | Reached XP level 11. HP: 71/81 MP: 11/11
  7794 | D:11     | Noticed a purple ugly thing
  7807 | D:11     | Killed a purple ugly thing
  7857 | D:11     | Found an ornate altar of the Wu Jian Council.
  8139 | D:11     | Found a staircase to the Orcish Mines.
  8581 | D:12     | Noticed an orc knight
  8612 | D:12     | Killed an orc knight
  8776 | D:12     | Reached **** piety under Wu Jian
  9443 | D:12     | Noticed a two-headed ogre
  9449 | D:12     | Killed a two-headed ogre
  9461 | D:12     | Noticed a cyan ugly thing
  9473 | D:12     | Killed a cyan ugly thing
  9480 | D:12     | Got a smelly leather armour
  9482 | D:12     | Identified the +1 leather armour of Springtime {Dex+2} (You
                  | found it on level 12 of the Dungeon)
  9594 | D:12     | Noticed Nergalle
  9608 | D:12     | Killed Nergalle
  9983 | Lair:1   | Entered Level 1 of the Lair of Beasts
 10858 | Lair:1   | Noticed a six-headed hydra
 10876 | Lair:1   | Killed a six-headed hydra
 11251 | Lair:2   | Noticed an eight-headed hydra
 11269 | Lair:2   | Killed an eight-headed hydra
 11269 | Lair:2   | Reached XP level 12. HP: 89/91 MP: 12/12
 11629 | Lair:2   | Reached ***** piety under Wu Jian
 11642 | Lair:2   | Noticed an eight-headed hydra
 11651 | Lair:2   | Killed an eight-headed hydra
 12597 | Lair:3   | Found a staircase to the Swamp.
 12856 | Lair:3   | Noticed a six-headed hydra
 12864 | Lair:3   | Killed a six-headed hydra
 12880 | Lair:3   | Noticed a five-headed hydra
 12887 | Lair:3   | Killed a five-headed hydra
 12906 | Lair:3   | Noticed a four-headed hydra
 12934 | Lair:3   | Killed a four-headed hydra
 13028 | Lair:3   | Found a staircase to the Snake Pit.
 13795 | Lair:4   | Noticed a death yak
 13795 | Lair:4   | Noticed a death yak
 13795 | Lair:4   | Noticed a death yak
 13840 | Lair:4   | Killed a death yak
 13842 | Lair:4   | Killed a death yak
 13848 | Lair:4   | Killed a death yak
 14152 | Lair:4   | Noticed a death yak
 14152 | Lair:4   | Noticed a death yak
 14153 | Lair:4   | Noticed a death yak
 14153 | Lair:4   | Noticed a death yak
 14154 | Lair:4   | Noticed a death yak
 14163 | Lair:4   | Killed a death yak
 14177 | Lair:4   | Killed a death yak
 14206 | Lair:4   | Killed a death yak
 14212 | Lair:4   | Killed a death yak
 14217 | Lair:4   | Killed a death yak
 14217 | Lair:4   | Gained mutation: A powerful demonic guardian rushes to your
                  | aid. [demonic ancestry]
 14217 | Lair:4   | Reached XP level 13. HP: 44/101 MP: 13/13
 14756 | Lair:5   | Got a shimmering falchion
 14757 | Lair:5   | Identified the +10 falchion "Banisher" {flame, +Inv rN++
                  | Int-3} (You found it on level 5 of the Lair of Beasts)
 14802 | Lair:5   | Reached skill level 10 in Armour
 14844 | Lair:5   | Found a viscous altar of Jiyva.
 14844 | Lair:5   | Found a staircase to the Slime Pits.
 14953 | Lair:5   | Got a faintly humming chain mail
 14955 | Lair:5   | Identified the +7 chain mail of the Wild Haggis {Str+2
                  | Dex+4} (You found it on level 5 of the Lair of Beasts)
 15004 | Lair:5   | Reached skill level 1 in Long Blades
 15640 | Lair:6   | Entered Level 6 of the Lair of Beasts
 15850 | Lair:6   | Found a frozen archway.
 15867 | IceCv    | Entered an ice cave
 15884 | IceCv    | Found a transporter.
 15996 | IceCv    | Found a transporter.
 16178 | IceCv    | Got a sheer robe
 16781 | Lair:6   | Reached ****** piety under Wu Jian
 16951 | Lair:6   | Reached skill level 5 in Long Blades
 16959 | Lair:6   | Identified the +4 robe "Seutt" {rElec rN+} (You found it in
                  | an ice cave)
 17187 | Lair:6   | Noticed a dire elephant
 17196 | Lair:6   | Killed a dire elephant
 17555 | Lair:6   | Found a burning altar of Makhleb.
 17592 | Lair:6   | Found a gateway to Hell.
 18164 | D:13     | Noticed Maurice
 18175 | D:13     | Killed Maurice
 18646 | D:13     | Noticed Tinylith's ghost (journeyman FoFi)
 18647 | D:13     | Found a runed door.
 19007 | D:14     | Reached XP level 14. HP: 109/109 MP: 14/14
 19584 | D:14     | Reached skill level 1 in Shields
 19607 | D:14     | Got a faintly glowing rapier
 19609 | D:14     | Identified the +1 rapier of Calamity {pierce, SInv} (You
                  | found it on level 14 of the Dungeon)
 19639 | D:14     | Found a gate to the Vaults.
 19727 | D:14     | Reached skill level 10 in Fighting
 19964 | D:14     | Found a snail-covered altar of Cheibriados.
 20187 | D:15     | Entered Level 15 of the Dungeon
 20439 | D:15     | Found a staircase to the Depths.
 21087 | Orc:1    | Entered Level 1 of the Orcish Mines
 22087 | Orc:1    | Found a shimmering altar of Xom.
 22266 | Orc:2    | Entered Level 2 of the Orcish Mines
 23054 | Orc:2    | Found a runed door.
 23056 | Orc:2    | Noticed Skallagrim's ghost (adept DEEE)
 23369 | Orc:2    | Reached skill level 1 in Evocations
 23375 | Orc:2    | Found Vigil's Antique Armour Emporium.
 23375 | Orc:2    | Found Pipehi's Antique Weapon Boutique.
 23377 | Orc:2    | Found Papnyr's Jewellery Emporium.
 23377 | Orc:2    | Found Ustacump's Antique Armour Boutique.
 23507 | Orc:2    | Found a staircase to the Elven Halls.
 23953 | Swamp:1  | Entered Level 1 of the Swamp
 23953 | Swamp:1  | Noticed Jorgrun
 23963 | Swamp:1  | Killed Jorgrun
 23963 | Swamp:1  | Reached XP level 15. HP: 56/117 MP: 15/15
 24249 | Snake:1  | Entered Level 1 of the Snake Pit
 24271 | Snake:1  | Reached skill level 10 in Long Blades
 25687 | Orc:2    | Bought the ring of Phasing {EV+8} for 2048 gold pieces
 25687 | Orc:2    | Found the ring of Phasing {EV+8}
 25957 | Swamp:1  | Reached skill level 5 in Shields
 26020 | Swamp:1  | Noticed Kirke
 26038 | Swamp:1  | Killed Kirke
 26715 | Swamp:2  | Noticed a thorn hunter
 26720 | Swamp:2  | Killed a thorn hunter
 28435 | Swamp:3  | Gained mutation: Your flesh is heat resistant. (rF+)
                  | [demonic ancestry]
 28435 | Swamp:3  | Reached XP level 16. HP: 60/126 MP: 16/16
 28719 | Swamp:4  | Entered Level 4 of the Swamp
 29766 | Swamp:4  | Noticed a tentacled monstrosity
 29777 | Swamp:4  | Killed a tentacled monstrosity
 30906 | Swamp:4  | Noticed a bone dragon
 30919 | Swamp:4  | Killed a bone dragon
 31195 | Swamp:4  | Got a decaying rune of Zot
 31514 | Elf:1    | Entered Level 1 of the Elven Halls
 31795 | Elf:1    | Reached skill level 10 in Shields
 32123 | Elf:1    | Reached skill level 10 in Dodging
 32315 | Elf:1    | Found Huysobb's Weapon Shop.
 33150 | Elf:2    | Found a runed gate.
 33150 | Elf:2    | Found a runed gate.
 33150 | Elf:2    | Found a runed gate.
 33755 | Elf:2    | Gained mutation: You are dopey. (Int -2) [a neqoxec]
 33761 | Elf:2    | Gained mutation: You have hoof-like feet. [demonic
                  | ancestry]
 33761 | Elf:2    | Reached XP level 17. HP: 51/134 MP: 17/17
 34127 | Elf:2    | Noticed Asterion
 34129 | Elf:2    | Cast into level 3 of the Abyss (+1 glaive of distortion)
 34132 | Abyss:3  | Found a corrupted altar of Lugonu.
 34340 | Abyss:3  | Got a transparent morningstar
 34475 | Abyss:3  | Noticed a lich
 34482 | Abyss:3  | Killed a lich
 34775 | Elf:2    | Escaped the Abyss
 34791 | Elf:2    | HP: 6/136 [+2 flail of protection (9)]
 35173 | Elf:2    | Cast into level 2 of the Abyss (+1 glaive of distortion)
 35275 | Abyss:2  | Noticed a bone dragon
 35287 | Abyss:2  | Killed a bone dragon
 35458 | Elf:2    | Escaped the Abyss
 35825 | Elf:2    | Killed Asterion
 36254 | Vaults:1 | Entered Level 1 of the Vaults
 36307 | Vaults:1 | Noticed Saint Roka
 37166 | Vaults:1 | Noticed Agnes
 37180 | Vaults:1 | Killed Agnes
 37190 | Vaults:1 | Noticed Nikola
 37861 | Vaults:1 | Noticed Sojobo
 37892 | Vaults:1 | Killed Sojobo
 37892 | Vaults:1 | Gained mutation: You are immune to clouds of flame.
                  | [demonic ancestry]
 37892 | Vaults:1 | Reached XP level 18. HP: 22/146 MP: 19/19
 38532 | Vaults:1 | Got a pitted chain mail
 38535 | Vaults:1 | Identified the +8 chain mail of Conscience {Str+7} (You
                  | found it on level 1 of the Vaults)
 38905 | Vaults:1 | Killed Nikola
 39332 | Vaults:1 | Killed Saint Roka
 39731 | Vaults:2 | Found Dafew's Armour Emporium.
 39863 | Vaults:2 | Found a staircase to the Crypt.
 40044 | Vaults:2 | You fall through a shaft for 2 floors!
 40094 | Vaults:4 | Found Ellae's Distillery.
 40102 | Vaults:4 | Bought a potion of berserk rage for 80 gold pieces
 40245 | Vaults:4 | Reached skill level 15 in Fighting
 41780 | Vaults:3 | Reached XP level 19. HP: 155/155 MP: 20/20
 41892 | Vaults:3 | Reached skill level 5 in Stealth
 42118 | Vaults:3 | Found Vytror's Jewellery Shoppe.
 42128 | Vaults:3 | Reached skill level 15 in Shields
 42132 | Vaults:3 | Bought a +5 amulet of reflection for 494 gold pieces
 44181 | Vaults:2 | Noticed Frederick
 44185 | Vaults:2 | Noticed Mennas
 44203 | Vaults:2 | HP: 6/159 [Frederick/+4 demon trident of flaming (7)]
 44203 | Vaults:2 | HP: 2/159 [Mennas/+3 eudemon blade of holy wrath (1)]
 44204 | Vaults:2 | Mangled by Mennas

Vault maps used:
D:1:      zaba_arrival_water
D:2:      chequers_ecumenical_altar_simple, first_ration,
          uniq_crazy_yiuf_cottage, uniq_natasha
D:3:      lemuel_crystal_altar, yredelemnul_forgotten_temple_becter,
          minivault_27, kennysheep_generic_room_15
D:4:      cheibriados_altar_1, grunt_dithmenos_smoke_and_mirrors,
          kiku_gazebo_pond_becter, temple_doors_e, kennysheep_big_empty_room,
          uniq_pikel
D:5:      uniq_menkaure
D:6:      uniq_blork_the_orc
D:7:      grunt_ogre_cave
D:8:      lemuel_coloured_pillars_altar, gammafunk_temple_overflow_claw,
          uniq_gastronok
D:9:      nicolae_gozag_cash_rules_everything_around_me
D:10:     minmay_misc_feat_chi, minmay_misc_feat_cross
D:11:     david_lair_generic, orc_0_dummy, lemuel_altar_in_water
D:12:     special_room, hangedman_decor_riveting, minmay_misc_feat_hallway,
          uniq_nergalle
D:13:     ebering_ghost_reflecting_pool, uniq_maurice
D:14:     grunt_vaults_entry_fortified, basic_altar
D:15:     hangedman_depths_entry_civil_slaughter
Temple:   minmay_temple_bridge_abc
Lair:3:   beast_lair_carwin_large_3, skrybe_swamp_entry_bodies,
          dummy_snake_entry, minivault_19, grunt_megastairs_5
Lair:5:   dpeg_slime_entry_enclosed_altar, grunt_megastairs_4
Lair:6:   evil_forest, portal_ice_cave_entry_pillars_2, minmay_hedge_maze
Swamp:1:  hangedman_swamp_diagram, uniq_kirke, uniq_jorgrun
Swamp:2:  serial_swamp_ruin, evilmike_swamp_ruin_house_2,
          evilmike_swamp_ruin_house_4, evilmike_swamp_ruin_house_5, swamp_pool1,
          hangedman_swamp_ravenous
Swamp:3:  infiniplex_staircase_pool_2
Swamp:4:  swamp_pestilence
Snake:1:  serial_shops, nicolae_shop_window_shopping, grunt_ministairs_4,
          nicolae_snake_single_loop, nrook_guardian_serpent_double,
          grunt_megastairs_2
Orc:1:    basic_altar
Orc:2:    grunt_orc_tribal_feast, ebering_ghost_inner_flame
Elf:1:    eino_elf_arrival_customs, serial_shops, shop, hangedman_elf_represent
Elf:2:    uniq_asterion
Vaults:1: ontoclasm_vaults_decontamination, sword_in_stone,
          nicolae_vaults_ninety_degrees, v_misc_10, v_misc_24, v_alt_pattern_4,
          v_misc_25, nicolae_vaults_little_squares_4, nicolae_vaults_asterisk,
          uniq_nikola, uniq_saint_roka
Vaults:2: vaults_room_ringed_pool, ontoclasm_vaults_misaligned, v_misc_8,
          minmay_crypt_entry_simple_round, vaults_mumra_chevron_long,
          hangedman_vaults_pinch, vaults_room_guarded_vault, v_alt_pattern_6,
          vaults_room_door_ring, grunt_vaults_hallway_short, vaults_mumra_hex,
          serial_shops, shop, shop, uniq_mennas, uniq_sojobo, uniq_frederick
Vaults:3: vaults_room_octagon, v_alt_pattern_3, v_misc_30, v_misc_5,
          ontoclasm_vaults_spin, nicolae_vaults_what_the_h,
          hangedman_vaults_slice, v_pattern_1, v_misc_25,
          nicolae_vaults_shelves_hall, ontoclasm_vaults_fault, serial_shops,
          shop
Vaults:4: grunt_vaults_funnel, vaults_dpeg_diagonal, grunt_vaults_hallway_long,
          v_misc_18, nicolae_vaults_border_crossing, vaults_dpeg_ring,
          st_hourglassy, hangedman_vaults_snaps, v_alt_pattern_1,
          dpeg_vaults_monster_box, ontoclasm_vaults_twist, vaults_room_pools,
          ontoclasm_vaults_loading_screen, serial_shops, shop
Abyss:4:  evilmike_nicolae_abyss_rune_containment_curve
IceCv:    ice_cave_statue_garden_transporter

Skill      XL: |  1  2  3  4  5  6  7  8  9 10 11 12 13 14 15 16 17 18 19 |
---------------+----------------------------------------------------------+-----
Dodging        | 3 4 5 6 7 9 10 | 10.6
Short Blades   | 3 4 6 7 9 10 12 13 | 13.9
Armour         | 2 3 4 5 6 8 9 10 11 12 13 14 | 14.1
Fighting       | 3 4 5 7 9 10 11 12 14 15 16 | 16.4
Stealth        | 1 2 3 4 5 |  5.0
Long Blades    | 6 9 11 | 11.2
Shields        | 3 7 11 13 14 16 | 16.2
Evocations     | 1 |  1.9
Throwing       | |  1.9

Action                   |  1- 3 |  4- 6 |  7- 9 | 10-12 | 13-15 | 16-18 | 19-21 || total
-------------------------+-------+-------+-------+-------+-------+-------+-------++-------
Melee: Rapier            |    90 |    25 |       |       |       |       |       ||   115
       Short sword       |       |   142 |   351 |  1065 |     7 |       |       ||  1565
       Kick              |       |    40 |   120 |   434 |   741 |   917 |   409 ||  2661
       Falchion          |       |       |       |       |  1507 |  2006 |   717 ||  4230
Invok: Lunge             |       |       |    20 |    42 |    99 |   114 |    37 ||   312
       Whirlwind         |       |       |     4 |    35 |   112 |   213 |    44 ||   408
       Serpent's Lash    |       |       |       |     1 |     2 |     7 |       ||    10
       Heavenly Storm    |       |       |       |       |     4 |     6 |     1 ||    11
 Abil: Wall Jump         |       |       |       |    10 |    12 |    45 |     7 ||    74
Evoke: Wand              |       |       |       |     1 |    10 |    10 |       ||    21
       Phial of floods   |       |       |       |       |       |     3 |       ||     3
  Use: Potion            |       |     4 |       |     1 |     6 |    24 |     1 ||    36
       Scroll            |       |       |    14 |    10 |    12 |    16 |       ||    52
 Stab: Distracted        |       |       |     1 |     3 |     6 |     9 |     2 ||    21
       Confused          |       |       |       |       |     2 |     1 |       ||     3
  Eat: Chunk             |       |     5 |     4 |    27 |    24 |    18 |    10 ||    88
       Ration            |       |       |     2 |       |     7 |     8 |       ||    17
Armor: Leather armour    |    36 |       |       |       |       |       |       ||    36
       Plate armour      |       |   125 |   171 |   386 |    10 |   421 |       ||  1113
       Chain mail        |       |       |       |       |   510 |    58 |    82 ||   650
Dodge: Dodged            |    83 |    44 |    92 |   275 |   553 |   559 |   210 ||  1816
       Deflected         |       |       |       |       |    27 |    31 |     7 ||    65
Block: Shield            |       |       |       |       |   184 |       |       ||   184
       Large shield      |       |       |       |       |   253 |  1190 |   584 ||  2027
       Reflection        |       |       |       |       |       |       |    60 ||    60
       Rpst.: Falchion   |       |       |       |       |   143 |   103 |    42 ||   288

Table legend:
 A = Non-vault XP
 B = Vault XP
 C = Vault XP percentage of total XP
 D = Non-vault monster count
 E = Vault monster count
 F = Vault count percentage of total count
                 A         B        C        D         E       F
            +---------+---------+-------+---------+---------+-------
      Total |  278978 |  179394 |  39.1 |     999 |     377 |  27.4
            +---------+---------+-------+---------+---------+-------
        D:1 |      44 |       0 |   0.0 |      27 |       0 |   0.0
        D:2 |      92 |      49 |  34.8 |      19 |       2 |   9.5
        D:3 |      80 |       3 |   3.6 |      34 |       2 |   5.6
        D:4 |     238 |     586 |  71.1 |      19 |       1 |   5.0
        D:5 |     140 |     124 |  47.0 |       6 |       1 |  14.3
        D:6 |     467 |      67 |  12.5 |      19 |       1 |   5.0
        D:7 |    1328 |      87 |   6.1 |      33 |       1 |   2.9
        D:8 |    1112 |    1311 |  54.1 |      27 |       1 |   3.6
        D:9 |    2234 |       0 |   0.0 |      28 |       0 |   0.0
       D:10 |    1730 |       0 |   0.0 |      19 |       0 |   0.0
       D:11 |    2852 |     507 |  15.1 |      15 |       4 |  21.1
       D:12 |    3279 |    1765 |  35.0 |      22 |      17 |  43.6
       D:13 |    2535 |     457 |  15.3 |      21 |       1 |   4.5
       D:14 |    9683 |    4560 |  32.0 |      39 |      10 |  20.4
       D:15 |    7214 |    3669 |  33.7 |      21 |       6 |  22.2
     Lair:1 |    4174 |       0 |   0.0 |      24 |       0 |   0.0
     Lair:2 |    4430 |       0 |   0.0 |      18 |       0 |   0.0
     Lair:3 |    2510 |    2687 |  51.7 |      11 |      16 |  59.3
     Lair:4 |    7159 |       0 |   0.0 |      21 |       0 |   0.0
     Lair:5 |    3856 |     251 |   6.1 |      13 |       3 |  18.8
     Lair:6 |    9010 |    7781 |  46.3 |      40 |      25 |  38.5
    Swamp:1 |    5628 |    4210 |  42.8 |      17 |       5 |  22.7
    Swamp:2 |   10950 |    3707 |  25.3 |      38 |      13 |  25.5
    Swamp:3 |   13916 |     265 |   1.9 |      34 |       1 |   2.9
    Swamp:4 |    9101 |   12152 |  57.2 |      18 |      44 |  71.0
    Snake:1 |   13010 |    1595 |  10.9 |      28 |       5 |  15.2
      Orc:1 |    3542 |     678 |  16.1 |      27 |       1 |   3.6
      Orc:2 |    4584 |    5070 |  52.5 |      41 |      29 |  41.4
      Elf:1 |   22804 |    6951 |  23.4 |      40 |      13 |  24.5
      Elf:2 |     330 |   20953 |  98.4 |       2 |      29 |  93.5
   Vaults:1 |   26208 |   23881 |  47.7 |      67 |      24 |  26.4
   Vaults:2 |   16674 |   19230 |  53.6 |      37 |      33 |  47.1
   Vaults:3 |   45560 |   18324 |  28.7 |      85 |      35 |  29.2
   Vaults:4 |   15550 |   33117 |  68.0 |      28 |      39 |  58.2
    Abyss:2 |    6472 |       0 |   0.0 |      15 |       0 |   0.0
    Abyss:3 |   14439 |    3544 |  19.7 |      27 |       5 |  15.6
    Abyss:4 |    6043 |       0 |   0.0 |      19 |       0 |   0.0
      IceCv |       0 |    1813 | 100.0 |       0 |      10 | 100.0
            +---------+---------+-------+---------+---------+-------
